Map: Pillars of Gold LE

Players

ExpecT - Winner!

  • Race: Terran Terran
  • League: Master
  • Spawn Location: 1:00

Rex

  • Race: Zerg Zerg
  • League: Master
  • Spawn Location: 7:00

Event: DreamHack SC2 Masters 2020 Summer TwHkMoJp

VOD

Have the link to the VOD?

Description

Time

  • Played on: June 27, 2020, 8:32 a.m.
  • Length: 18:21

All games in this series

Show
View Real Time Build Order
Export as new Build Order

ExpecT Terran - Winner!

Build Orders: Liberator Opening, Reaper Expand 

Get SALT Encoding   

  12  0:00  SCV  
  13  0:12  SCV  
  14  0:17  Supply Depot  
  14  0:25  SCV  
  15  0:39  SCV  
  15  0:40  Barracks  
  16  0:45  Refinery  
  16  0:51  SCV  
  17  1:03  SCV  
  18  1:15  SCV  
  19  1:27  Orbital Command  
  19  1:28  Reaper  
  20  1:43  Command Center  
  20  1:53  Supply Depot  
  20  1:55  SCV  
  21  2:05  Factory  
  21  2:09  Marine  
  21  2:12  SCV  
  23  2:19  Refinery  
  23  2:24  SCV  
  23  2:29  Barracks Reactor  
  24  2:40  SCV  
  25  2:52  SCV  
  25  2:53  Starport  
  25  2:55  Orbital Command  
  26  3:04  SCV  
  27  3:11  Hellion  
  27  3:12  Hellion  
  31  3:13  Barracks Tech Lab  
  31  3:16  SCV  
  32  3:20  SCV  
  33  3:27  Supply Depot  
  33  3:28  SCV  
  33  3:29  Liberator  
  33  3:32  SCV  
  38  3:38  Hellion x2  
  38  3:40  SCV  
  43  3:44  SCV  
  44  3:52  Supply Depot  
  44  3:55  SCV  
  45  3:57  SCV  
  45  4:00  Hellion x2  
  50  4:03  Armory  
  50  4:07  SCV  
  50  4:09  SCV  
  52  4:14  Liberator  
  52  4:15  Supply Depot  
  55  4:21  Hellion x2  
  55  4:24  SCV x2  
  61  4:37  SCV x2  
  63  4:40  Command Center  
  63  4:43  Stimpack  
  63  4:49  SCV x2  
  63  4:50  Factory Tech Lab  
  63  4:52  Supply Depot  
  65  4:56  Marine  
  65  4:59  Starport Reactor  
  66  5:04  Barracks  
  66  5:05  SCV x2  
  68  5:08  Barracks  
  68  5:14  Marine  
  67  5:15  Siege Tank  
  65  5:29  SCV  
  65  5:31  Marine  
  65  5:34  SCV, Engineering Bay  
  65  5:35  Engineering Bay  
  64  5:41  SCV, Barracks x2  
  63  5:46  SCV  
  63  5:47  Starport Reactor  
  63  5:49  Marine  
  59  5:50  Siege Tank  
  59  5:53  SCV, Orbital Command  
  62  5:57  Refinery  
  62  5:58  SCV, Refinery  
  63  6:05  SCV  
  63  6:07  Terran Infantry Weapons Level 1, Marine x3  
  63  6:10  SCV  
  68  6:15  Marine x2  
  68  6:18  SCV  
  72  6:25  Marine x3, Terran Infantry Armor Level 1  
  74  6:28  SCV  
  74  6:30  SCV  
  74  6:31  Barracks Reactor, Supply Depot, Orbital Command  
  74  6:32  Supply Depot  
  76  6:33  Barracks Reactor, Marine  
  76  6:36  Marine  
  78  6:40  SCV  
  78  6:42  SCV, Marine  
  78  6:43  Marine x2  
  83  6:50  Combat Shield, Marine  
  83  6:53  SCV  
  83  6:54  SCV, Supply Depot x2, Marine  
  85  6:57  SCV  
  85  7:00  Marine x2  
  85  7:01  Marine  
  91  7:05  SCV  
  91  7:06  SCV  
  91  7:08  Supply Depot, Marine, Medivac  
  96  7:09  SCV, Medivac  
  96  7:12  Marine  
  96  7:15  Supply Depot x2  
  100  7:17  SCV  
  101  7:23  Siege Tank  
  101  7:24  Marine x5  
  101  7:26  Marine x3  
  101  7:27  SCV x2  
  101  7:29  SCV  
  115  7:30  Refinery x2  
  115  7:36  Factory  
  115  7:37  Supply Depot, Marine  
  115  7:41  Marine  
  115  7:42  Marine x3  
  115  7:43  Marine  
  121  7:44  Medivac x2  
  121  7:50  SCV x3  
  128  7:54  Marine x3  
  128  7:56  Siege Tank  
  128  7:57  Marine  
  135  7:59  Marine x2  
  135  8:00  Supply Depot, Marine  
  135  8:04  Supply Depot, Marine  
  135  8:05  Marine  
  140  8:12  Marine x2  
  140  8:14  Marine  
  140  8:15  Marine  
  140  8:17  Marine  
  143  8:23  Terran Infantry Armor Level 2, Missile Turret, Terran Infantry Weapons Level 2  
  143  8:24  Factory Reactor, Drilling Claws  
  143  8:26  Marine x3  
  137  8:31  Marine x2  
  140  8:34  Supply Depot  
  140  8:38  Medivac x2  
  140  8:40  Missile Turret  
  140  8:41  SCV  
  143  8:45  Missile Turret  
  143  8:47  Marine x4  
  146  8:57  Bunker  
  146  8:59  Thor  
  152  9:06  Marauder, Marine x6  
  160  9:12  Supply Depot x2  
  160  9:13  Widow Mine  
  160  9:30  Marine  
  160  9:31  Marauder, Marine x7  
  168  9:44  Thor  
  168  9:45  Widow Mine x2  
  177  9:48  Marine x2  
  177  9:52  Marauder  
  181  9:57  Command Center  
  181  10:02  Marine  
  181  10:03  Marine  
  181  10:06  Widow Mine x2  
  187  10:14  Marauder  
  189  10:20  Marine x2  
  187  10:24  Marine x2  
  187  10:27  Widow Mine  
  187  10:28  Widow Mine  
  178  10:30  Widow Mine  
  178  10:31  Marine x2  
  178  10:32  Marine x2  
  178  10:35  Marauder  
  186  10:37  Barracks x2  
  186  10:39  Marine x2  
  186  10:40  Barracks  
  188  10:49  Widow Mine  
  173  10:50  Marine x2  
  173  10:56  Marauder, Marine x2  
  134  10:58  Widow Mine x2  
  134  11:04  Medivac x2, Marine  
  129  11:05  Marine x3  
  129  11:08  Marine  
  129  11:11  Marine  
  124  11:14  Marine x2  
  124  11:18  Marauder  
  124  11:20  Widow Mine  
  124  11:22  Marine x2  
  124  11:23  Marine x2  
  124  11:24  Terran Infantry Weapons Level 3  
  129  11:30  Barracks Tech Lab x2  
  129  11:34  Missile Turret x2  
  129  11:35  Medivac x2  
  129  11:39  Marauder  
  135  11:44  Marine x7  
  142  11:48  Barracks Tech Lab  
  130  11:54  Marine x3  
  130  12:01  Marauder, Marine  
  123  12:02  Marine x6  
  123  12:05  Medivac x2, Widow Mine x3, Planetary Fortress  
  123  12:07  SCV x3  
  135  12:08  Marine  
  135  12:12  Marauder, Marine x2  
  140  12:19  Marine x3  
  140  12:20  Terran Infantry Armor Level 3, Marine x2  
  140  12:22  SCV x3, Marauder  
  150  12:27  Marauder  
  150  12:28  Marine x2  
  152  12:30  Marauder  
  152  12:34  Command Center  
  152  12:37  Marauder, Marine x3  
  142  12:40  Medivac x2  
  142  12:41  Widow Mine x3  
  157  12:45  Marine  
  157  12:46  Marauder, Marine x2  
  157  12:49  Marine x2  
  157  12:50  Marine  
  165  12:59  Marine  
  165  13:00  Marine  
  165  13:01  Marine  
  165  13:02  Marine x2, Thor  
  165  13:05  Marine x2  
  155  13:13  Marauder, Marine x4  
  151  13:22  Marauder x2, Marine x3  
  151  13:26  Marine x2  
  160  13:31  Marauder  
  155  13:34  Marine x2  
  155  13:35  Marauder  
  155  13:38  Marine  
  155  13:40  Widow Mine x2  
  135  13:41  Marine  
  135  13:44  Marauder x2, Marine x2  
  140  13:50  Marine  
  140  13:52  Marine x2  
  140  13:53  Marauder  
  140  13:54  Marine  
  146  13:56  Marauder  
  146  14:02  Marine  
  142  14:05  Marauder x2  
  142  14:06  Widow Mine x2  
  142  14:09  Marine  
  143  14:10  Marine x2  
  143  14:12  Widow Mine  
  143  14:14  Marauder  
  149  14:19  Marine x2  
  149  14:20  Marauder, Marine  
  149  14:21  Marine  
  149  14:24  Marine  
  155  14:26  Marauder, Marine  
  155  14:27  Marine  
  155  14:29  Missile Turret  
  160  14:33  Widow Mine  
  160  14:34  Widow Mine  
  162  14:40  Marine  
  162  14:41  Marauder x2, Marine  
  162  14:42  Missile Turret  
  162  14:45  Marine  
  160  14:46  Marauder, Marine  
  160  14:49  Marine x2  
  160  14:50  Marine  
  157  14:53  Marine x2  
  157  14:58  Marine x2  
  151  15:02  Marine  
  151  15:03  Marauder, Marine  
  136  15:07  Marauder  
  136  15:09  Marine x2  
  136  15:11  Marauder  
  139  15:16  Marine x2  
  139  15:18  Orbital Command  
  139  15:20  Marauder  
  139  15:21  Widow Mine x2  
  139  15:26  Marauder, Marine  
  139  15:28  Marine x2  
  118  15:35  Widow Mine  
  118  15:39  Marine x2  
  118  15:40  Marauder  
  118  15:42  Widow Mine  
  120  15:44  Medivac  
  120  15:45  Medivac  
  120  15:46  Orbital Command  
  124  15:56  Marine x2  
  124  15:57  Marauder  
  128  16:02  Bunker, Missile Turret  
  128  16:10  Widow Mine x2  
  134  16:17  Thor  
  134  16:18  Medivac x2, Marine x2  
  142  16:19  Marauder, Marine x2  
  148  16:39  Marine  
  146  16:40  SCV x3  
  146  16:43  Missile Turret  
  146  16:46  Supply Depot  
  148  16:48  Supply Depot x2, Widow Mine  
  148  16:49  Medivac x2, Widow Mine  
  156  16:58  Marine  
  156  16:59  Marine  
  156  17:01  Marine  
  156  17:03  Marine  
  156  17:07  Marine x2, Thor  
  164  17:09  Marine x4  
  164  17:10  Missile Turret, Marauder x2  
  172  17:16  Marine  
  172  17:17  Marine  
  172  17:23  Marine x2  
  172  17:25  Marine  
  172  17:26  Marauder  
  172  17:27  Marauder  
  172  17:28  Marine x2  
  177  17:38  Marine  
  177  17:39  Marauder  
  180  17:51  Marine x4  
  180  17:52  Marauder x2  
  188  17:58  Marine  
  188  17:59  Marauder  
  188  18:00  Marine  
  188  18:03  Marine  
Show
View Real Time Build Order
Export as new Build Order

Rex Zerg 

Build Orders: Hatch First, Muta Ling Bane 

Get SALT Encoding   

  12  0:00  Drone  
  13  0:13  Overlord  
  13  0:17  Drone  
  14  0:31  Drone x2  
  16  0:50  Hatchery  
  16  0:54  Drone  
  16  0:57  Drone  
  16  1:01  Drone  
  18  1:11  Extractor  
  17  1:16  Spawning Pool  
  16  1:19  Drone  
  16  1:24  Drone  
  18  1:29  Drone  
  19  1:40  Drone  
  20  1:50  Hatchery  
  20  1:54  Drone  
  20  2:02  Queen  
  20  2:05  Zergling x2  
  23  2:08  Zergling x2  
  24  2:18  Queen  
  24  2:22  Overlord  
  26  2:26  Drone  
  27  2:35  Drone  
  28  2:47  Drone  
  28  2:48  Queen, Drone  
  32  2:51  Drone  
  32  2:52  Drone  
  32  2:56  Metabolic Boost  
  35  2:58  Drone  
  35  2:59  Drone  
  35  3:05  Drone  
  37  3:06  Overlord  
  37  3:10  Drone  
  38  3:14  Drone x2  
  40  3:25  Drone x2  
  40  3:26  Drone x2  
  44  3:28  Queen  
  44  3:31  Drone  
  44  3:33  Drone  
  48  3:39  Extractor  
  48  3:40  Overlord  
  47  3:43  Drone  
  47  3:44  Drone  
  49  3:52  Drone  
  50  3:56  Extractor  
  50  3:57  Spore Crawler  
  50  3:59  Overlord, Queen  
  50  4:01  Drone x5  
  58  4:10  Overlord  
  58  4:12  Overlord  
  58  4:15  Overlord  
  58  4:20  Zergling x8  
  62  4:25  Drone  
  62  4:27  Queen  
  65  4:33  Drone  
  65  4:34  Spore Crawler, Drone  
  65  4:36  Spore Crawler  
  65  4:38  Drone  
  66  4:40  Spore Crawler  
  66  4:41  Drone  
  66  4:46  Zergling x4, Evolution Chamber  
  66  4:47  Zergling x4, Evolution Chamber  
  66  4:50  Drone x2  
  70  4:53  Drone  
  70  4:54  Overlord  
  70  4:55  Drone x2  
  70  4:56  Extractor  
  72  5:02  Queen x2  
  75  5:21  Drone x2  
  75  5:22  Drone x4  
  75  5:23  Drone  
  75  5:28  Drone x5  
  84  5:32  Drone  
  84  5:38  Drone x2  
  84  5:43  Drone x7  
  84  5:47  Drone x3  
  92  5:56  Drone  
  92  5:57  Lair  
  92  6:00  Drone x3  
  92  6:03  Zerg Ground Armor Level 1  
  95  6:04  Zerg Melee Weapons Level 1, Extractor  
  95  6:07  Drone, Extractor  
  95  6:08  Extractor  
  95  6:09  Baneling Nest, Drone, Extractor  
  92  6:12  Drone  
  92  6:16  Overlord, Drone  
  94  6:22  Overlord x2  
  94  6:25  Hatchery  
  93  6:29  Hatchery  
  92  6:36  Zergling x12  
  98  6:41  Zergling x6  
  98  6:44  Overlord  
  98  6:45  Overlord x2  
  98  6:47  Zergling x6  
  103  6:52  Zergling x6  
  107  6:57  Zergling x2  
  107  6:58  Centrifical Hooks  
  107  7:01  Baneling x4  
  107  7:02  Spire  
  107  7:03  Zergling x4  
  107  7:07  Zergling x4  
  107  7:08  Zergling x4  
  112  7:14  Zergling x10  
  112  7:15  Zergling x4  
  119  7:29  Zergling x2  
  121  7:30  Zergling x4  
  121  7:35  Zergling x4  
  124  7:40  Overlord x2  
  124  7:43  Drone x2  
  124  7:53  Zergling x20  
  124  7:54  Baneling x6  
  124  7:56  Overlord x2  
  134  8:03  Baneling x6  
  128  8:14  Overlord  
  128  8:15  Overlord x2  
  128  8:17  Zerg Flyer Weapons Level 1  
  124  8:22  Mutalisk  
  124  8:23  Mutalisk x9  
  124  8:24  Overlord  
  138  8:33  Zergling x12  
  142  8:41  Drone x4  
  146  8:42  Baneling  
  146  8:48  Pneumatized Carapace  
  146  9:08  Zerg Melee Weapons Level 2  
  146  9:09  Zerg Ground Armor Level 2  
  146  9:10  Zergling x26  
  146  9:12  Drone  
  154  9:34  Mutalisk x5  
  162  9:40  Mutalisk  
  161  9:47  Drone  
  162  9:54  Mutalisk x3  
  162  9:56  Hatchery  
  167  10:00  Zergling x4  
  167  10:01  Zergling x28  
  167  10:03  Hatchery  
  167  10:07  Zergling x16  
  188  10:16  Zergling x16  
  187  10:22  Zergling x4  
  187  10:23  Baneling x12  
  187  10:24  Baneling x3  
  183  10:29  Zergling x6  
  183  10:35  Zergling x6  
  151  10:50  Zergling x18  
  139  10:58  Zergling x4  
  125  11:06  Zergling x8  
  116  11:13  Mutalisk x3  
  121  11:19  Zergling x10  
  121  11:23  Extractor  
  121  11:25  Zergling x6  
  128  11:31  Zergling x10  
  132  11:33  Baneling Nest  
  132  11:36  Overseer  
  132  11:37  Zergling x2  
  132  11:38  Zergling x8  
  136  11:43  Zergling x2  
  136  11:44  Zergling x2  
  137  11:47  Zergling x2  
  137  11:48  Zergling x6  
  137  11:53  Zergling x20  
  140  11:57  Zergling x6  
  140  12:00  Zergling x2  
  140  12:01  Zergling x8  
  135  12:06  Overseer  
  135  12:08  Zergling x12  
  139  12:11  Zergling x2  
  139  12:12  Zergling x2  
  141  12:18  Zergling x10  
  145  12:23  Zergling x10  
  145  12:29  Zergling x10  
  152  12:31  Baneling x10  
  152  12:32  Zergling x10, Baneling x9  
  157  12:40  Zergling x10  
  162  12:47  Drone x4  
  162  12:49  Drone  
  167  12:53  Baneling x2  
  167  12:54  Overseer  
  167  12:57  Zergling x2  
  167  12:58  Zergling x12  
  174  12:59  Baneling x8  
  174  13:00  Hatchery  
  169  13:10  Zergling x12  
  161  13:16  Zergling x8  
  161  13:20  Zergling x8  
  161  13:23  Zergling x2, Baneling x8  
  144  13:34  Zergling x10  
  144  13:37  Zergling x2  
  144  13:38  Zergling x4  
  138  13:42  Zergling x2  
  138  13:47  Zergling x4  
  137  13:53  Zergling x6  
  135  13:59  Mutalisk x4  
  139  14:03  Baneling x3  
  139  14:05  Overseer  
  139  14:07  Zergling x2  
  139  14:08  Zergling x4, Extractor  
  141  14:15  Drone x3  
  144  14:20  Zergling x10  
  144  14:21  Baneling x6  
  149  14:24  Zergling x2  
  149  14:25  Zergling x2  
  149  14:26  Baneling x3  
  149  14:31  Zergling x8  
  155  14:34  Baneling x3  
  155  14:41  Zergling x2  
  155  14:42  Zergling x14  
  159  14:51  Zergling x12  
  162  14:56  Zergling x4  
  159  15:04  Baneling x16  
  152  15:13  Zergling x14  
  140  15:18  Zergling x2  
  119  15:37  Hatchery  
  119  15:38  Hatchery  
  119  15:39  Zergling x8  
  116  15:54  Zergling x12  
  122  16:07  Zergling x6, Burrow  
  124  16:17  Baneling x8  
  124  16:19  Zergling x2  
  123  16:41  Zergling x16  
  123  16:44  Baneling  
  123  16:45  Baneling x2  
  130  17:05  Zergling x2  
  130  17:06  Zergling x16  
  130  17:07  Baneling x2  
  130  17:08  Baneling  
  135  17:17  Baneling x9  
  133  17:31  Zergling x10  
  133  17:36  Hatchery  
  137  17:40  Baneling x6  
Tags
 
Add a new tag
Caveats
  • Supply blocks, unpowered buildings, or Contaminate may cause inaccurate times.
  • Supply counts are checked every 10 seconds.